 Dungeon Crawl Stone Soup version 0.19.5 (webtiles) character file.

53 miragecloak the Poker (level 4, -1/35 HPs)
             Began as a Formicid Abyssal Knight on May 12, 2017.
             Was a Follower of Lugonu.
             Slain by a bullfrog zombie (4 damage)
             ... on level 6 of the Dungeon.
             The game lasted 00:01:53 (2437 turns).

miragecloak the Poker (Formicid Abyssal Knight)     Turns: 2437, Time: 00:01:53

Health: -1/35      AC:  5    Str: 16    XL:     4   Next: 11%
Magic:  5/5        EV: 11    Int: 12    God:    Lugonu [*.....]
Gold:   59         SH:  0    Dex: 11    Spells: 0 memorised, 3 levels left

rFire  . . .     SeeInvis +     a - +1 spear
rCold  . . .     Gourm    .     b - +0 leather armour
rNeg   . . .     Faith    .     (no shield)
rPois  .         Spirit   .     (helmet unavailable)
rElec  .         Reflect  .     l - +0 cloak
rCorr  .         Harm     .     q - +0 pair of gloves
MR     .....                    (no boots)
Stlth  +.........               (no amulet)
                                (no ring)
                                (no ring)

@: starving
A: permanent stasis, dig shafts and tunnels, four strong arms, antennae 3
a: Dig, Shaft Self, Depart the Abyss, Renounce Religion


You were on level 6 of the Dungeon.
You worshipped Lugonu.
Lugonu was aware of your devotion.
You were starving.

You visited 1 branch of the dungeon, and saw 4 of its levels.
You visited the Abyss 1 time.

You collected 59 gold pieces.

Inventory:

Hand Weapons
 a - a +1 spear (weapon)
Armour
 b - a +0 leather armour (worn)
 l - a +0 cloak (worn)
 q - a +0 pair of gloves (worn)
Scrolls
 d - 2 scrolls of teleportation {unknown}
 e - 2 scrolls of fear {unknown}
 f - a scroll of remove curse {unknown}
 g - a scroll of immolation {unknown}
 k - 2 scrolls of identify {unknown}
 m - a scroll of enchant weapon {unknown}
 r - a scroll of fog {unknown}
Potions
 i - a potion of cancellation {unknown}
 j - a potion of lignification {unknown}
 n - a potion of heal wounds {unknown}
 p - a potion of degeneration {unknown}
Comestibles
 c - 3 bread rations
 h - a meat ration
 o - a beef jerky


   Skills:
 - Level 3.2 Fighting
 + Level 4.0 Polearms
 - Level 2.1 Armour
 - Level 0.8 Dodging
 - Level 2.1 Invocations


You had 3 spell levels left.
You didn't know any spells.

Dungeon Overview and Level Annotations

Branches:
Dungeon (3/15)

Altars:
Dithmenos

Annotations:
D:3 Squonk's ghost, amateur OpEn


Innate Abilities, Weirdness & Mutations

You are under a permanent stasis effect.
You can dig through walls and to a lower floor.
Your four strong arms can wield two-handed weapons with a shield.
You have a pair of large antennae on your head. (SInv)


Message History

The bullfrog zombie is heavily damaged.
The bullfrog zombie hits you but does no damage.
You hit the bullfrog zombie but do no damage.
The bullfrog zombie is heavily damaged.
The bullfrog zombie hits you.
* * * LOW HITPOINT WARNING * * *
You hit the bullfrog zombie but do no damage.
The bullfrog zombie is heavily damaged.
The bullfrog zombie hits you.
* * * LOW HITPOINT WARNING * * *
You hit the bullfrog zombie.
The bullfrog zombie is severely damaged.
The bullfrog zombie barely misses you.
You hit the bullfrog zombie but do no damage.
The bullfrog zombie is severely damaged.
The bullfrog zombie barely misses you.
You hit the bullfrog zombie.
The bullfrog zombie is severely damaged.
The bullfrog zombie hits you.
You die...

......
......
#......
.......
.....
...
###.#
#@Z.#
#...###
#...###
#...#
.....
...#
... #.


You could see a bullfrog zombie.

Vanquished Creatures
  An adder (D:2)
  A gnoll (D:1)
  A dart slug (D:1)
  4 bats
  8 giant cockroaches
  A goblin (D:2)
  2 hobgoblins (D:1)
  2 jackals (D:2)
  4 kobolds
  2 frilled lizards (D:2)
  7 rats
33 creatures vanquished.

Notes
Turn   | Place    | Note
-------+----------+-------------------------------------------
     0 | Abyss:1  | miragecloak the Formicid Abyssal Knight began the quest for the Orb.
     0 | Abyss:1  | Reached XP level 1. HP: 18/18 MP: 2/2
    12 | Abyss:1  | Found a shimmering altar of Xom.
    57 | Abyss:1  | Noticed a chaos spawn
    59 | Abyss:1  | Noticed a raiju
    59 | D:1      | Escaped the Abyss
   164 | D:1      | Reached skill level 3 in Polearms
   164 | D:1      | Reached XP level 2. HP: 11/24 MP: 3/3
   625 | D:1      | Reached XP level 3. HP: 29/29 MP: 4/4
   677 | D:1      | Reached * piety under Lugonu
  1733 | D:2      | Reached XP level 4. HP: 32/35 MP: 5/5
  1797 | D:2      | Reached skill level 4 in Polearms
  2241 | D:3      | Found a shadowy altar of Dithmenos.
  2301 | D:3      | Noticed Squonk's ghost (amateur OpEn)
  2324 | D:3      | You fall through a shaft for 3 floors!
  2437 | D:6      | Slain by a bullfrog zombie

Skill      XL: |  1  2  3  4 |
---------------+-------------+-----
Polearms       | 3 4 |  4.0
Fighting       | |  3.2
Armour         | |  2.1
Dodging        | |  0.8
Invocations    | |  2.1

Action                   |  1- 3 |  4- 6 || total
-------------------------+-------+-------++-------
Melee: Spear             |   116 |    40 ||   156
Invok: Depart the Abyss  |     1 |       ||     1
 Abil: Shaft Self        |       |     1 ||     1
  Eat: Chunk             |     2 |     1 ||     3
Armor: Leather armour    |    27 |    17 ||    44
Dodge: Dodged            |    65 |    11 ||    76
